 Dungeon Crawl Stone Soup version 0.18.1-5-g4a78601 (webtiles) character file.

127 epen the Cudgeler (level 5, -2/32 HPs)
             Began as a Gargoyle Gladiator on May 13, 2016.
             Slain by Heskey's ghost (5 damage)
             ... on level 3 of the Dungeon.
             The game lasted 00:03:34 (2863 turns).

epen the Cudgeler (Gargoyle Gladiator)              Turns: 2863, Time: 00:03:35

Health: -2/32      AC: 11    Str: 23    XL:     5   Next: 11%
Magic:  5/5        EV: 11    Int:  9    God:
Gold:   157        SH:  0    Dex: 10    Spells: 0 memorised, 4 levels left

rFire  . . .     SeeInvis .     a - +0 flail
rCold  . . .     Gourm    +     r - +0 scale mail
rNeg   + . .     Faith    .     (no shield)
rPois  ∞         Spirit   .     c - +0 helmet
rElec  +         Dismiss  .     (no cloak)
rCorr  .         Reflect  .     (no gloves)
SustAt .         Harm     .     (no boots)
MR     .....                    n - amulet of the gourmand
Stlth  ..........               y - ring of loudness (curse)
                                q - +4 ring of strength

@: not resistant to hostile enchantments, extremely unstealthy
A: negative energy resistance 1, electricity resistance, unbreathing,
petrification resistance, rot immunity, AC +4
a: no special abilities


You were on level 3 of the Dungeon.
You were very full.

You visited 1 branch of the dungeon, and saw 3 of its levels.

You collected 157 gold pieces.

Inventory:

Hand Weapons
 a - a +0 flail (weapon)
Missiles
 d - 3 throwing nets (quivered)
Armour
 b - a +0 leather armour
 c - a +0 helmet (worn)
 k - a +0 ring mail
 r - a +0 scale mail (worn)
Jewellery
 n - an amulet of the gourmand (around neck)
 q - a +4 ring of strength (left hand)
 x - an uncursed ring of flight
 y - a cursed ring of loudness (right hand)
Scrolls
 e - 2 scrolls of amnesia {unknown}
 g - 2 scrolls of teleportation {unknown}
 i - a scroll of remove curse {unknown}
 j - 3 scrolls of enchant weapon {unknown}
 m - 2 scrolls of magic mapping {unknown}
 p - a scroll of random uselessness {unknown}
 u - 2 scrolls of identify {unknown}
Potions
 h - 2 potions of mutation {unknown}
 l - a potion of flight {unknown}
 s - a potion of haste {unknown}
 t - a potion of ambrosia {unknown}
 v - 3 potions of curing {unknown}
 w - a potion of might {unknown}
 z - a potion of brilliance {unknown}
 A - a potion of invisibility {unknown}
Comestibles
 f - 2 bread rations
 o - 2 slices of pizza


   Skills:
 + Level 3.0 Fighting
 * Level 3.9 Maces & Flails
 - Level 1.7 Throwing
 + Level 1.5 Armour
 * Level 3.4 Dodging


You had 4 spell levels left.
You didn't know any spells.

Dungeon Overview and Level Annotations

Branches:
Dungeon (3/15)

Altars:
Gozag
Nemelex Xobeh
Pakellas
Zin

Annotations:
D:3 Heskey's ghost, amateur MiFi


Innate Abilities, Weirdness & Mutations

You are resistant to torment.
Your stone body is resilient (AC +4).
You are immune to poison.
You resist negative energy.
You are resistant to electric shocks.
You can survive without breathing.
You are immune to petrification.
You are immune to rotting.


Message History

Heskey's ghost is lightly damaged.
Heskey's ghost hits you.
You hit Heskey's ghost.
Heskey's ghost is lightly damaged.
Heskey's ghost barely misses you. x2
You hit Heskey's ghost.
Heskey's ghost is moderately damaged.
Heskey's ghost barely misses you.
You hit Heskey's ghost.
Heskey's ghost is moderately damaged.
Heskey's ghost barely misses you.
You barely miss Heskey's ghost.
Heskey's ghost is moderately damaged.
Heskey's ghost hits you!
You hit Heskey's ghost.
Heskey's ghost is heavily damaged.
Heskey's ghost hits you!
* * * LOW HITPOINT WARNING * * *
Heskey's ghost hits you.
You die...

..# #.###.###.# ###
#.....[...# #####.#####
#.# #.###############
#.##............#
#.##.####.#####.# ##
#.##>####.#####.#
.########.##.#.W@...(##.#
.##........†...##.##.##.#
.##.####...#.####.##.##.#
.##.# #......####.##.##.#
....# ##...#............#
.#### ##.#######.......#
.# #.# #.##.##.# .## #.#
#.#..##.# ..# ##+##
#.#.###.###


You could see Heskey's ghost.

Vanquished Creatures
  Jessica (D:3)
  2 adders (D:3)
  An ooze (D:1)
  8 worms
  2 dart slugs
  3 orcs (D:3)
  2 giant cockroaches
  5 goblins
  4 hobgoblins
  6 kobolds
  A quokka (D:2)
  8 bats
  2 giant newts
  7 rats
52 creatures vanquished.

Notes
Turn   | Place    | Note
--------------------------------------------------------------
     0 | D:1      | epen the Gargoyle Gladiator began the quest for the Orb.
     0 | D:1      | Reached XP level 1. HP: 12/12 MP: 1/1
   131 | D:1      | Reached XP level 2. HP: 18/18 MP: 2/2
   867 | D:2      | Reached XP level 3. HP: 21/22 MP: 3/3
  1513 | D:2      | Reached XP level 4. HP: 25/27 MP: 4/4
  1519 | D:2      | Found an opulent altar of Gozag.
  1621 | D:3      | Noticed Jessica
  1627 | D:3      | Killed Jessica
  1725 | D:3      | Reached skill level 1 in Armour
  1923 | D:3      | Found an oddly glowing altar of Pakellas.
  1949 | D:3      | Found a sparkling altar of Nemelex Xobeh.
  1999 | D:3      | Reached XP level 5. HP: 30/32 MP: 5/5
  2159 | D:3      | Found a glowing silver altar of Zin.
  2271 | D:3      | Noticed Heskey's ghost (amateur MiFi)
  2863 | D:3      | Slain by Heskey's ghost

Skill      XL: |  1  2  3  4 |
---------------+-------------+-----
Dodging        | 3 |  3.4
Armour         | 1 |  1.5
Fighting       | 3 |  3.0
Maces & Flails | |  3.9
Throwing       | |  1.7

Action                   |  1- 3 |  4- 6 || total
-------------------------+-------+-------++-------
Melee: Flail             |   161 |    86 ||   247
  Eat: Chunk             |     6 |    11 ||    17
Armor: Leather armour    |    59 |       ||    59
       Ring mail         |    36 |       ||    36
       Scale mail        |    13 |    40 ||    53
Dodge: Dodged            |   136 |    47 ||   183
